 Dungeon Crawl Stone Soup version 0.32-a0-747-gc8563f6773 (webtiles) character file.

Game seed: 12226623895603713208

294 mdonais the Insei (level 6, -8/51 HPs)
             Began as a Gnoll Wanderer on Mar 17, 2024.
             Was an Initiate of Nemelex Xobeh.
             Mangled by an ice beast (11 damage)
             ... on level 3 of the Dungeon.
             The game lasted 00:07:23 (2199 turns).

mdonais the Insei (Gnoll Wanderer)                  Turns: 2199, Time: 00:07:23

Health: -8/51      AC:  2    Str:  8      XL:     6   Next: 34%
Magic:  9/9        EV: 12    Int: 11 (12) God:    Nemelex Xobeh [......]
Gold:   138        SH:  4    Dex: 16      Spells: 9/9 levels left

rFire   . . .        h - +4 whip
rCold   . . .        s - +0 buckler
rNeg    . . .        d - +0 robe
rPois   +            c - melded +0 helmet
rElec   .            (cloak currently unavailable)
rCorr   .            (gloves currently unavailable)
SInv    .            (boots currently unavailable)
Will    +....        (no amulet)
Stlth   ++           o - ring of poison resistance
HPRegen 0.28/turn    (no ring)
MPRegen 0.11/turn

%: no passive effects
@: lethally poisoned (-8 -> -12), beast-form
A: beast (slay +1), fangs 1, strong nose, distributed training, talons 1,
strong-willed 1, poison resistance
a: Begin Untransformation, Renounce Religion, Draw Escape, Draw Destruction,
Draw Summoning


You were on level 3 of the Dungeon.
You worshipped Nemelex Xobeh.
Nemelex Xobeh was noncommittal.
You were a hulking beast.
You visited 1 branch of the dungeon, and saw 3 of its levels.

You collected 138 gold pieces.

Inventory:

Hand Weapons
 a - a +0 sling
 h - a +4 whip (weapon)
   (You found it on level 2 of the Dungeon)
Armour
 c - a +0 helmet (melded)
 d - a +0 robe (worn)
 g - a +0 ring mail
   (You found it on level 1 of the Dungeon)
 j - a +0 tower shield
   (You found it on level 1 of the Dungeon)
 p - a +0 pair of gloves
   (You found it on level 2 of the Dungeon)
 s - a +0 buckler (worn)
   (You found it on level 3 of the Dungeon)
Jewellery
 o - a ring of poison resistance (left hand)
   (You found it on level 2 of the Dungeon)
Talismans
 b - a beast talisman (active)
   (You found it on level 1 of the Dungeon)
Scrolls
 e - 3 scrolls of teleportation {unknown}
 k - 2 scrolls of amnesia {unknown}
 m - 2 scrolls of identify {unknown}
 n - a scroll of enchant armour {unknown}
 t - a scroll of noise {unknown}
 B - 2 scrolls of blinking
Potions
 f - a potion of brilliance
 i - a potion of degeneration
 l - 2 potions of curing {unknown}
 q - 2 potions of lignification {unknown}
 r - a potion of heal wounds {unknown}


   Skills:
 + Level 5.0 Fighting
 + Level 2.0 Short Blades
 + Level 2.0 Long Blades
 + Level 2.0 Axes
 + Level 2.0 Maces & Flails
 + Level 2.0 Polearms
 + Level 2.0 Staves
 + Level 5.0 Ranged Weapons
 + Level 2.0 Throwing
 + Level 2.0 Armour
 + Level 5.0 Dodging
 + Level 3.1 Stealth
 + Level 2.0 Shields
 + Level 6.8 Unarmed Combat
 + Level 2.0 Spellcasting
 + Level 1.5 Conjurations
 + Level 1.5 Hexes
 + Level 1.5 Summonings
 + Level 1.5 Necromancy
 + Level 1.5 Translocations
 + Level 1.5 Fire Magic
 + Level 1.5 Ice Magic
 + Level 1.5 Air Magic
 + Level 1.5 Earth Magic
 + Level 1.5 Alchemy
 + Level 2.2 Invocations
 + Level 2.0 Evocations
 + Level 1.8 Shapeshifting


You had 9 spell levels left.
You didn't know any spells.
Your spell library contained the following spells:

 Spells                   Type           Power      Damage    Failure   Level
 Summon Small Mammal      Summ           16%        N/A       24%         1
 Blink                    Tloc           8%         N/A       34%         2
 Lesser Beckoning         Tloc           8%         N/A       34%         2
 Momentum Strike          Conj/Tloc      8%         3d8       34%         2
 Call Canine Familiar     Summ           4%         N/A       56%         3
 Gell's Gravitas          Tloc           4%         N/A       56%         3
 Teleport Other           Tloc           4%         N/A       56%         3
 Animate Armour           Summ/Erth      8%         N/A       93%         4
 Summon Blazeheart Golem  Fire/Summ      4%         N/A       93%         4
 Summon Lightning Spire   Summ/Air       4%         N/A       93%         4
 Lee's Rapid Deconstruct  Erth           2%         3d4*      100%        5
 Dispersal                Tloc           2%         N/A       100%        6


Dungeon Overview and Level Annotations

Branches:
Dungeon (3/15) Zot: 15794

Altars:
Nemelex Xobeh

Shops:
D:1 :


Innate Abilities, Weirdness & Mutations

You are a hulking beast.
Your limbs bulge with bestial killing power. (Slay +1)
You have very sharp teeth.
Your uncanny sense of smell can sniff out nearby items.
Your experience applies equally to all skills.
You have sharp toenails.
You are strong-willed. (Will+)
Your system is resistant to poisons. (rPois)


Message History

l - 2 red potions (gained 1)
You open the door.
There is an open door here.
Found a stone staircase leading down.
Health restored: 51
There is a stone staircase leading down here.
Found a quarterstaff.
A kobold comes into view. It is wielding a +0 dagger.
An orc and an orc priest come into view.
You see here a scroll labelled ZONWAU GYPAEBBIZU. 2 orcs come into view.
Found 17 gold pieces.
You hit the kobold but do no damage. Your kick misses the kobold.
You bite the kobold, but do no damage.
The orc shouts! x3
The kobold hits you with a +0 dagger.
You take 2 damage, and have 49/51 hp.
The orc priest shouts!
You hit the kobold.
You kill the kobold!
You whack the orc!
You kill the orc!
Things that are here:
a +0 dagger; a +0 leather armour; an orc corpse You closely miss the orc priest.
You claw the orc priest.
The orc priest is lightly wounded.
The orc hits you but does no damage. The orc priest hits you with a +0 club.
The orc barely misses you.
You take 3 damage, and have 47/51 hp.
You closely miss the orc priest. Your kick misses the orc priest.
The orc priest is lightly wounded.
The orc barely misses you. The orc priest hits you with a +0 club.
The orc hits you but does no damage.
You hit the orc priest. You claw the orc priest. You bite the orc priest.
The orc priest is heavily wounded.
You block the orc's attack. The orc priest barely misses you.
The orc barely misses you.
You hit the orc priest. Your kick misses the orc priest.
You bite the orc priest, but do no damage.
The orc priest is almost dead.
You block the orc's attack. The orc closely misses you.
The orc priest hits you with a +0 club.
You take 2 damage, and have 45/51 hp.
You hit the orc priest.
You kill the orc priest!
The orc hits you with a +0 hand axe. x2
Your Short Blades skill increases to level 2!
Your Long Blades skill increases to level 2!
Your Axes skill increases to level 2!
Your Maces & Flails skill increases to level 2!
Your Polearms skill increases to level 2!
Your Staves skill increases to level 2!
Your Throwing skill increases to level 2!
Your Armour skill increases to level 2!
Your Shields skill increases to level 2!
Your Spellcasting skill increases to level 2!
Your Evocations skill increases to level 2!
You take 3 damage, and have 42/51 hp.
You closely miss the orc. The orc closely misses you. x2
You whack the orc!
You kill the orc!
The orc closely misses you.
You hit the orc.
The orc is heavily wounded.
The orc hits you with a +0 hand axe.
You take 2 damage, and have 41/51 hp.
You hit the orc. Your kick misses the orc.
The orc is severely wounded.
The orc barely misses you.
You hit the orc.
You kill the orc!
No target in view!
Magic restored.
t - a scroll labelled ZONWAU GYPAEBBIZU Health restored: 51; MP restored: 9
Things that are here:
a +0 dagger; a +0 leather armour; an orc corpse You see here a +0 club.
You now have 138 gold pieces (gained 17).
Found a stone staircase leading up.
An endoplasm comes into view.
Found 8 gold pieces.
An ice beast comes into view.
An adder comes into view.
The endoplasm quivers.
The endoplasm freezes you.
You are frozen.
You take 5 damage, and have 46/51 hp.
You hit the endoplasm.
The endoplasm is lightly wounded.
The endoplasm freezes you.
You are frozen.
You take 5 damage, and have 41/51 hp.
You hit the endoplasm.
You kill the endoplasm!
You block the adder's attack. The adder closely misses you.
You barely miss the adder. The adder bites you.
You take 3 damage, and have 39/51 hp.
You closely miss the ice beast. You claw the ice beast.
The ice beast is lightly wounded.
The ice beast hits you. The ice beast freezes you! The adder misses you.
You take 10 damage, and have 29/51 hp.
You hit the ice beast.
You claw the ice beast, but do no damage.
The ice beast is lightly wounded.
You block the adder's attack. You block the ice beast's attack.
The adder barely misses you.
You whack the ice beast!
The ice beast is heavily wounded.
The ice beast hits you but does no damage.
You block the adder's attack. The ice beast closely misses you.
You hit the ice beast.
The ice beast is severely wounded.
The adder bites you. x2; The ice beast hits you.
The ice beast freezes you!
You take 11 damage, and have 18/51 hp.
MASSIVE DAMAGE!!
You are too injured to fight recklessly!
You are too injured to fight recklessly!
You are too injured to fight recklessly!
You are too injured to fight recklessly!
You are too injured to fight recklessly!
You hit the ice beast but do no damage. Your kick misses the ice beast.
The ice beast is severely wounded.
The adder closely misses you. You block the ice beast's attack.
You barely miss the ice beast. Your kick misses the ice beast.
You bite the ice beast, but do no damage.
The ice beast is severely wounded.
The adder closely misses you. The ice beast hits you.
* * * LOW HITPOINT WARNING * * *
The ice beast freezes you.
* * * LOW HITPOINT WARNING * * *
You block the adder's attack.
You take 9 damage, and have 9/51 hp.
You hit the ice beast.
You claw the ice beast, but do no damage.
You bite the ice beast, but do no damage.
The ice beast is almost dead.
The adder bites you.
* * * LOW HITPOINT WARNING * * *
The ice beast barely misses you.
You take 1 damage, and have 8/51 hp.
You hit the ice beast but do no damage. You claw the ice beast.
The ice beast is almost dead.
The adder bites you.
* * * LOW HITPOINT WARNING * * *
You are poisoned.
The adder poisons you! The ice beast hits you.
* * * LOW HITPOINT WARNING * * *
The ice beast freezes you!
You die...
Your body disappears without a glow.

............... #... ..
######........
..#.##.#########........
........................
........########........
........##..........####
........##...........##
.......S##.........#..##
......Yh##.........##...
........#..........####.
...........<.......####.
..^.....#..........#....
......###..........#....
...... #..........#....
...... #..........#....
...... #..........#....
..... #..........#....


You could see an ice beast and an adder.

Vanquished Creatures
  Sigmund (D:2)
  An orc priest (D:3)
  Terence (D:2)
  2 adders
  A ribbon worm (D:2)
  3 orcs (D:3)
  5 bats
  7 endoplasms
  A giant cockroach (D:2)
  6 goblins
  2 hobgoblins (D:1)
  3 jackals (D:2)
  3 kobolds
  A quokka (D:1)
  6 ball pythons
  2 frilled lizards
  4 rats
49 creatures vanquished.

Notes
Turn   | Place    | Note
-------+----------+-------------------------------------------
     0 | D:1      | mdonais the Gnoll Wanderer began the quest for the Orb.
     0 | D:1      | mdonais set off with the following items: a +0 sling, a +0
                  | helmet, a +0 robe, 3 scrolls of blinking.
     0 | D:1      | Reached XP level 1. HP: 20/20 MP: 1/1
   219 | D:1      | Reached XP level 2. HP: 26/26 MP: 2/2
   273 | D:1      | Found Necainae's Book Shoppe.
   273 | D:1      | Noticed a walking earthen tome
   275 | D:1      | Noticed a walking crystal tome
   369 | D:1      | Found a faded altar of an unknown god.
   750 | D:2      | Noticed Terence
   750 | D:2      | Found a sparkling altar of Nemelex Xobeh.
   757 | D:1      | Reached XP level 3. HP: 31/31 MP: 3/3
   895 | D:2      | Reached skill level 1 in Invocations
   975 | D:2      | Killed Terence
   976 | D:2      | Reached skill level 1 in Short Blades
   976 | D:2      | Reached skill level 1 in Long Blades
   976 | D:2      | Reached skill level 1 in Axes
   976 | D:2      | Reached skill level 1 in Maces & Flails
   976 | D:2      | Reached skill level 1 in Polearms
   976 | D:2      | Reached skill level 1 in Staves
   976 | D:2      | Reached skill level 1 in Throwing
   976 | D:2      | Reached skill level 1 in Armour
   976 | D:2      | Reached skill level 1 in Shields
   976 | D:2      | Reached skill level 1 in Spellcasting
   976 | D:2      | Reached skill level 1 in Evocations
  1090 | D:2      | Reached skill level 1 in Shapeshifting
  1090 | D:2      | Reached XP level 4. HP: 38/38 MP: 5/5
  1137 | D:2      | Noticed Sigmund
  1166 | D:2      | Gained mutation: Your system is resistant to poisons.
                  | (rPois) [potion of mutation]
  1166 | D:2      | Gained mutation: You are strong-willed. (Will+) [potion of
                  | mutation]
  1166 | D:2      | Gained mutation: You have sharp toenails. [potion of
                  | mutation]
  1347 | D:2      | Killed Sigmund
  1348 | D:2      | Reached skill level 1 in Conjurations
  1348 | D:2      | Reached skill level 1 in Hexes
  1348 | D:2      | Reached skill level 1 in Summonings
  1348 | D:2      | Reached skill level 1 in Necromancy
  1348 | D:2      | Reached skill level 1 in Translocations
  1348 | D:2      | Reached skill level 1 in Fire Magic
  1348 | D:2      | Reached skill level 1 in Ice Magic
  1348 | D:2      | Reached skill level 1 in Air Magic
  1348 | D:2      | Reached skill level 1 in Earth Magic
  1348 | D:2      | Reached skill level 1 in Alchemy
  1348 | D:2      | Reached XP level 5. HP: 36/43 MP: 5/7
  1348 | D:2      | Reached XP level 6. HP: 42/50 MP: 5/8
  1661 | D:2      | Became a worshipper of Nemelex Xobeh the Trickster
  1891 | D:3      | Reached skill level 5 in Fighting
  1891 | D:3      | Reached skill level 5 in Ranged Weapons
  1891 | D:3      | Reached skill level 5 in Dodging
  2185 | D:3      | Noticed an ice beast
  2199 | D:3      | Mangled by an ice beast

Illustrated notes

Levels and vault maps discovered:
D:1:      dpeg_arrival_chambers_temple_mockup, layout_basic,
          ebering_ecumenical_altar_sacrificial, serial_shops,
          nicolae_shop_mannequins, corexii_corridor_pit, minmay_bisected
D:2:      layout_basic, basic_altar, kennysheep_generic_room_7, uniq_sigmund,
          uniq_terence
D:3:      layout_basic

Skill      XL: |  1  2  3  4  5  6 |
---------------+-------------------+-----
Invocations    | 1 2 |  2.2
Short Blades   | 1 2 |  2.0
Long Blades    | 1 2 |  2.0
Axes           | 1 2 |  2.0
Maces & Flails | 1 2 |  2.0
Polearms       | 1 2 |  2.0
Staves         | 1 2 |  2.0
Throwing       | 1 2 |  2.0
Armour         | 1 2 |  2.0
Shields        | 1 2 |  2.0
Spellcasting   | 1 2 |  2.0
Evocations     | 1 2 |  2.0
Shapeshifting  | 1 |  1.8
Stealth        | 3 |  3.1
Conjurations   | 1 |  1.5
Hexes          | 1 |  1.5
Summonings     | 1 |  1.5
Necromancy     | 1 |  1.5
Translocations | 1 |  1.5
Fire Magic     | 1 |  1.5
Ice Magic      | 1 |  1.5
Air Magic      | 1 |  1.5
Earth Magic    | 1 |  1.5
Alchemy        | 1 |  1.5
Fighting       | 5 |  5.0
Ranged Weapons | 5 |  5.0
Dodging        | 5 |  5.0
Unarmed Combat | |  6.8

Action                     |  1- 3 |  4- 6 || total
---------------------------+-------+-------++-------
  Melee: Whip              |       |    46 ||    46
         Kick              |       |    10 ||    10
         Bite              |       |     7 ||     7
         Unarmed           |       |     1 ||     1
   Fire: Sling             |    93 |    48 ||   141
    Use: Potion            |     3 |     3 ||     6
         Scroll            |       |     1 ||     1
   Stab: Sleeping          |       |     3 ||     3
         Distracted        |       |     1 ||     1
 Armour: Robe              |    21 |    38 ||    59
  Dodge: Dodged            |    27 |    48 ||    75
  Block: Buckler           |       |    17 ||    17
   Form: Beast             |     1 |       ||     1

Table legend: (Time is in decaauts)
 A = Elapsed time spent in this place.
 B = Non-inter-level travel time spent in this place.
 C = Inter-level travel time spent in this place.
 D = Time resting spent in this place.
 E = Time spent auto-exploring this place.
 F = Levels seen in this place.
 G = Mean time per level.
                   A        B        C        D        E       F      G
               +--------+--------+--------+--------+--------+-----+--------+
         Total |   2205 |   2066 |    139 |     67 |   1564 |   3 |  735.0 |
       Dungeon |   2205 |   2066 |    139 |     67 |   1564 |   3 |  735.0 |
               +--------+--------+--------+--------+--------+-----+--------+

Top non-repeatable levels by time:
     D:1: 896 daAuts
     D:2: 780 daAuts
     D:3: 528 daAuts
